Map: Traitor's Exile

Players

PureLegacy - Winner!

  • Race: Terran Terran
  • Spawn Location: 6:00

IIIIIIIIIIII - Winner!

  • Race: Terran Terran
  • Spawn Location: 5:00

MarineKing

  • Race: Terran Terran
  • League: Master
  • Spawn Location: 9:00

JanSobieski

  • Race: Protoss Protoss
  • Spawn Location: 12:00

VOD

Have the link to the VOD?

Description

Time

  • Played on: Nov. 28, 2018, 6:01 p.m.
  • Length: 8:17
Show
View Real Time Build Order
Export as new Build Order

PureLegacy Terran - Winner!

Build Orders:  

Get SALT Encoding   

  12  0:02  SCV  
  13  0:14  SCV  
  13  0:20  Supply Depot  
  14  0:26  SCV  
  15  0:30  Refinery  
  15  0:41  SCV  
  16  0:48  Barracks  
  16  0:53  SCV  
  17  1:04  Barracks  
  17  1:21  Barracks  
  17  1:28  SCV  
  18  1:36  Reaper  
  19  1:41  Orbital Command  
  19  1:50  Refinery  
  19  1:52  Reaper  
  20  2:03  Supply Depot  
  20  2:09  Reaper x2  
  22  2:19  SCV  
  23  2:26  Supply Depot  
  23  2:27  Reaper  
  24  2:38  SCV  
  24  2:42  Reaper  
  24  2:43  Reaper  
  27  2:59  Reaper, SCV  
  29  3:11  SCV  
  29  3:14  Reaper  
  29  3:15  Reaper  
  28  3:34  Reaper  
  28  3:35  SCV  
  30  3:46  Reaper  
  30  3:49  Reaper, Command Center  
  30  3:56  SCV  
  31  4:06  Reaper  
  31  4:19  Reaper  
  31  4:23  Reaper  
  32  4:26  Barracks, SCV  
  32  4:28  Barracks  
  32  4:29  Engineering Bay  
  33  4:35  Supply Depot  
  33  4:38  Reaper, SCV  
  35  4:50  SCV  
  35  4:52  Barracks  
  31  5:11  Barracks Tech Lab  
  31  5:12  Barracks Tech Lab  
  30  5:18  Bunker  
  30  5:19  Bunker x2  
  29  5:24  Marine x3  
  29  5:25  Orbital Command  
  32  5:34  SCV  
  33  5:39  Marauder  
  34  5:49  Marauder, Concussive Shells  
  36  5:50  Stimpack  
  35  6:02  Marauder  
  37  6:06  Marine x3  
  37  6:09  SCV x2  
  37  6:11  Terran Infantry Weapons Level 1  
  41  6:22  Marauder  
  41  6:23  SCV x2  
  45  6:31  Factory  
  45  6:41  Marauder  
  45  6:42  SCV x2  
  45  6:45  Marine x2  
  50  6:47  Marine  
  50  6:48  Marauder  
  52  6:54  SCV  
  53  7:03  Marauder  
  53  7:07  Marine x3  
  58  7:08  SCV x2  
  58  7:10  Marauder  
  58  7:11  Supply Depot  
  58  7:12  Supply Depot  
  58  7:13  Supply Depot  
  62  7:15  Factory Reactor, Starport  
  62  7:27  Barracks Reactor  
  62  7:28  Barracks Reactor  
  62  7:29  Barracks Tech Lab  
  62  7:33  SCV x2  
  64  7:40  Refinery, Supply Depot  
  64  7:42  Refinery  
  64  7:45  SCV x2  
  64  7:49  Marauder x2  
  70  7:51  Missile Turret  
  65  8:09  Supply Depot  
Show
View Real Time Build Order
Export as new Build Order

IIIIIIIIIIII Terran - Winner!

Build Orders: Cyclone Opening 

Get SALT Encoding   

  12  0:01  SCV  
  13  0:13  SCV  
  14  0:18  Supply Depot  
  14  0:25  SCV  
  15  0:33  Refinery  
  15  0:43  Barracks  
  15  0:47  SCV  
  16  0:53  Refinery  
  16  0:59  SCV  
  17  1:13  SCV  
  18  1:25  SCV  
  19  1:36  Factory  
  19  1:37  Barracks Tech Lab  
  19  1:45  Orbital Command  
  19  1:57  Supply Depot  
  19  2:22  Factory  
  18  2:23  Barracks Reactor  
  18  2:28  Cyclone  
  21  2:32  SCV  
  22  2:44  SCV  
  23  2:56  SCV  
  24  3:00  Mag-Field Accelerator  
  24  3:08  SCV  
  25  3:27  Hellion  
  25  3:28  Hellion  
  25  3:32  Cyclone  
  25  3:33  Barracks Tech Lab  
  32  3:35  Starport  
  32  3:59  Hellion x2  
  36  4:04  Cyclone  
  39  4:12  Supply Depot  
  39  4:13  Supply Depot  
  39  4:37  Cyclone  
  39  4:52  Hellion x2  
  36  4:59  Banshee  
  39  5:09  Cyclone  
  42  5:17  Hellion x2  
  43  5:41  Cyclone  
  44  5:44  Banshee  
  33  6:08  Hellion  
  32  6:13  Cyclone  
  33  6:46  SCV  
  31  6:58  SCV  
  32  7:10  SCV  
  33  7:15  Cyclone  
  33  7:22  SCV  
  37  7:34  SCV  
  38  7:46  SCV  
  37  7:58  SCV  
  38  8:14  Starport Tech Lab  
Show
View Real Time Build Order
Export as new Build Order

MarineKing Terran 

Build Orders: Gas First Reaper Expand 

Get SALT Encoding   

  12  0:00  SCV  
  13  0:13  SCV  
  14  0:18  Supply Depot  
  14  0:25  SCV  
  15  0:30  Refinery  
  15  0:40  SCV  
  16  0:45  Barracks  
  16  0:52  SCV  
  17  1:04  SCV  
  18  1:16  SCV  
  19  1:32  Reaper, Orbital Command  
  20  1:49  Command Center  
  20  1:58  Factory  
  20  2:03  SCV  
  21  2:09  Reaper  
  21  2:12  Refinery  
  22  2:19  Supply Depot  
  22  2:29  SCV  
  23  2:41  SCV  
  23  2:43  Factory Tech Lab  
  24  2:46  Barracks Reactor  
  24  2:53  SCV  
  25  2:59  Barracks  
  25  3:01  Cyclone  
  25  3:03  Orbital Command  
  26  3:23  Marine x2  
  16  3:41  SCV  
  16  3:42  SCV  
  18  3:54  SCV x2  
  12  4:16  Siege Tank  
  10  4:17  Marine x2  
  8  4:36  Marine x2, SCV x2  
  8  4:37  Marine  
  4  5:10  SCV x2  
  6  5:17  Marine x2, Barracks Tech Lab  
  8  5:22  SCV  
  8  5:26  SCV  
  10  5:40  SCV  
  11  5:47  SCV  
  12  5:52  SCV  
  13  5:59  SCV  
  14  6:04  SCV  
  14  6:11  SCV  
  16  6:16  SCV  
  17  6:28  SCV x2  
  15  6:40  SCV x2  
  17  6:52  SCV x2  
  19  7:04  SCV x2  
  21  7:20  SCV x2  
  23  7:23  Marine x2  
  23  7:25  Orbital Command  
  23  7:28  Barracks  
  25  7:31  Marine, Starport  
  25  7:32  SCV  
  27  7:41  Marine x2  
  29  7:44  SCV  
  29  7:47  Engineering Bay  
  29  7:49  Marine  
  31  7:53  SCV  
  31  7:56  SCV  
  33  7:59  Marine x2  
  33  8:05  SCV  
  36  8:09  Starport Reactor  
Show
View Real Time Build Order
Export as new Build Order

JanSobieski Protoss 

Build Orders: Blink Stalkers 

Get SALT Encoding   

  12  0:00  Probe  
  13  0:13  Probe  
  14  0:22  Pylon  
  14  0:25  Probe  
  15  0:38  Probe  
  15  0:41  Gateway  
  16  0:45  Assimilator  
  16  0:46  Probe  
  16  0:55  Probe  
  17  1:00  Assimilator  
  18  1:07  Probe  
  19  1:15  Probe  
  19  1:23  Probe  
  20  1:29  Cybernetics Core  
  21  1:33  Probe  
  21  1:34  Pylon  
  22  1:45  Probe  
  23  1:53  Gateway  
  23  1:56  Stalker  
  23  1:57  Probe  
  24  2:06  Warp Gate  
  26  2:11  Twilight Council  
  26  2:25  Stalker  
  28  2:34  Blink  
  28  2:38  Gateway  
  28  2:43  Pylon  
  28  2:54  Stalker  
  30  3:02  Stalker  
  32  3:24  Stalker  
  32  3:25  Stalker  
  36  3:45  Robotics Facility  
  36  3:47  Pylon  
  36  4:02  Pylon  
  36  4:09  Stalker x3  
  41  4:45  Stalker x2  
  41  4:46  Stalker  
  45  5:09  Pylon  
  45  5:23  Stalker  
  45  5:24  Stalker  
  47  5:43  Stalker  
  46  6:01  Probe  
  43  6:14  Probe  
  38  6:26  Probe  
  38  6:31  Stalker x2  
  43  6:38  Probe  
  43  6:50  Probe  
  44  6:57  Stalker x2  
  44  7:22  Nexus  
  44  7:31  Sentry  
  44  7:34  Sentry  
  44  7:36  Stalker  
  50  7:57  Stalker x2  
  35  8:09  Adept  
Tags
 
Add a new tag
Caveats
  • Supply blocks, unpowered buildings, or Contaminate may cause inaccurate times.
  • Supply counts are checked every 10 seconds.